 Dungeon Crawl Stone Soup version 0.29-a0-813-g4a14ea37d6 (webtiles) character file.

Game seed: 16909967283341661235

375 blackman the Charlatan (level 7, -1/48 HPs)
             Began as a Human Artificer on July 4, 2022.
             Was an Initiate of Gozag.
             Slain by an orc wizard
             ... wielding the +6 great sword "Xojikeha" {vorpal, rPois rCorr}
              (3 damage)
             ... on level 6 of the Dungeon.
             The game lasted 00:06:01 (3844 turns).

blackman the Charlatan (Human Artificer)            Turns: 3844, Time: 00:06:01

Health: -1/48      AC: 11    Str: 14    XL:     7   Next: 3%
Magic:  7/7        EV: 10    Int: 11    God:    Gozag
Gold:   194        SH:  0    Dex: 14    Spells: 6/6 levels left

rFire   . . .      SeeInvis .   a - +2 whip (elec)
rCold   . . .      Faith    .   (no shield)
rNeg    . . .      Spirit   .   l - +0 chain mail
rPois   .          Reflect  .   r - +1 helmet
rElec   .          Harm     .   (no cloak)
rCorr   .          Rampage  .   (no gloves)
Will    .....                   o - +0 pair of boots
Stlth   ..........              (no amulet)
HPRegen 0.16/turn               q - +4 ring of evasion
MPRegen 0.10/turn               (no ring)

@: no status effects
A: no striking features
a: Renounce Religion, Potion Petition, Call Merchant, Bribe Branch


You were on level 6 of the Dungeon.
You worshipped Gozag.
Gozag was aware of your devotion.
You visited 2 branches of the dungeon, and saw 7 of its levels.

You collected 236 gold pieces.
You paid 42 gold pieces to Gozag.

Inventory:

Hand Weapons
 a - a +2 whip of electrocution (weapon)
 b - a +0 shortbow
 i - a +0 club
Armour
 l - a +0 chain mail (worn)
 m - a +0 leather armour
 o - a +0 pair of boots (worn)
 r - a +1 helmet (worn)
Jewellery
 q - a +4 ring of evasion (left hand)
Wands
 c - a wand of flame (12) (quivered)
 d - a wand of charming (14)
 e - a wand of iceblast (8)
Scrolls
 f - 3 scrolls of teleportation {unknown}
 j - 2 scrolls of torment {unknown}
 n - 3 scrolls of identify {unknown}
 s - a scroll of enchant weapon {unknown}
Potions
 h - a potion of degeneration {unknown}
 p - a potion of berserk rage {unknown}


   Skills:
 - Level 1.0 Fighting
 - Level 2.0 Armour
 - Level 1.0 Dodging
 - Level 1.0 Stealth
 * Level 7.3 Evocations


You had 6 spell levels left.
You didn't know any spells.
Your spell library was empty.

Dungeon Overview and Level Annotations

Branches:
Dungeon (6/15)             Temple (1/1) D:4

Altars:
Cheibriados
Dithmenos
Elyvilon
Fedhas
Gozag
Hepliaklqana
Makhleb
Nemelex Xobeh
Okawaru
Ru
Sif Muna
Trog
Uskayaw
Vehumet
Wu Jian
Xom
Yredelemnul

Shops:
D:2 :   D:6 *


Message History

You completely miss the orc. The orc barely misses you.
You whack the orc!
You kill the orc!
A magic dart appears from out of thin air!
The magic dart hits you but does no damage.
Things that are here:
6 gold pieces; a +0 short sword The orc is distracted by your dazzling golden aura.
You closely miss something.
The orc is no longer distracted by gold.
Something hits you!
You closely miss something. Something hits you!
The orc is distracted by your dazzling golden aura.
Something hits you but does no damage.
The orc shouts!
You hit something. Something hits you!
* * * LOW HITPOINT WARNING * * *
x2 You barely miss something.
Your punch misses something.
You hear some strange, mumbled words.
You are confused.
You bump into the rock wall.
Something hits you.
* * * LOW HITPOINT WARNING * * *
x2
Okay, then.
Unknown command.
It was a potion of curing.
You feel better.
The orc is no longer distracted by gold.
Something hits you!
* * * LOW HITPOINT WARNING * * *
x2 You feel better.
Something hits you.
* * * LOW HITPOINT WARNING * * *
x2 It was a potion of heal wounds.
You feel much better.
The orc drinks a potion.
The orc seems to speed up.
Something hits you.
You miss something. Something hits you but does no damage.
You hit something. Something hits you.
You barely miss something. Something hits you.
* * * LOW HITPOINT WARNING * * *
You miss something. Something hits you!
* * * LOW HITPOINT WARNING * * *
You die...
Your body crumbles into a pile of gold.

........... ..
#......#
.....#..$o..######
.......$...o.....#
.....###....####.#
........∩...##<#o#
............#..#o#
####........#.##.#
...........#.##@#
........#####.##$#
.|......# #.##.#
........# #....#
........# ######
.......


You could see 2 orcs.

Vanquished Creatures
  An ice beast (D:5)
  A centaur (D:6)
  A bullfrog (D:6)
  A jelly (D:5)
  An orc wizard (D:5)
  2 adders
  A gnoll (D:1)
  A shadow imp (D:6)
  A white imp (D:5)
  An ufetubus (D:5)
  A worm (D:4)
  4 orcs
  3 bats
  An endoplasm (D:3)
  A giant cockroach (D:3)
  7 goblins
  4 jackals (D:2)
  A ball python (D:1)
  3 frilled lizards
  5 kobolds
  3 rats
44 creatures vanquished.

Vanquished Creatures (others)
  An orc (D:5)
1 creature vanquished.

Grand Total: 45 creatures vanquished

Notes
Turn   | Place    | Note
-------+----------+-------------------------------------------
     0 | D:1      | blackman the Human Artificer began the quest for the Orb.
     0 | D:1      | Reached XP level 1. HP: 15/15 MP: 1/1
   224 | D:1      | Reached XP level 2. HP: 21/21 MP: 2/2
   368 | D:2      | Found Kuakanud's Vocational Training.
   410 | D:2      | Reached skill level 4 in Evocations
   410 | D:2      | Reached XP level 3. HP: 26/26 MP: 3/3
   784 | D:4      | Found a staircase to the Ecumenical Temple.
   825 | Temple   | Entered the Ecumenical Temple
   960 | Temple   | Became a worshipper of Gozag Ym Sagoz the Greedy
  1086 | D:5      | Entered Level 5 of the Dungeon
  1130 | D:5      | Reached skill level 5 in Evocations
  1130 | D:5      | Reached XP level 4. HP: 6/32 MP: 4/4
  1692 | D:5      | Noticed an ogre
  2368 | D:5      | Reached XP level 5. HP: 15/37 MP: 5/5
  2795 | D:4      | Found a hazy altar of Hepliaklqana.
  2796 | D:4      | Found a faded altar of an unknown god.
  2796 | D:4      | Found a faded altar of an unknown god.
  2798 | D:4      | Found a faded altar of an unknown god.
  3079 | D:5      | Noticed an ice beast
  3083 | D:5      | Killed an ice beast
  3084 | D:5      | Reached skill level 6 in Evocations
  3084 | D:5      | Reached XP level 6. HP: 43/43 MP: 6/6
  3338 | D:6      | Found Koubad's General Store.
  3358 | D:6      | Reached skill level 7 in Evocations
  3358 | D:6      | Reached XP level 7. HP: 35/48 MP: 7/7
  3816 | D:6      | Identified the +6 great sword "Xojikeha" {vorpal, rPois
                  | rCorr}
  3844 | D:6      | HP: 2/48 [something (13)]
  3844 | D:6      | Slain by an orc wizard

Illustrated notes

Levels and vault maps discovered:
D:1:      enne_arrival_octagon_isle, layout_basic
D:2:      layout_basic, ebering_ecumenical_altar_ruins, nicolae_shop_vocational,
          uniq_terence
D:3:      layout_basic
D:4:      layout_cave_pods, nicolae_hepliaklqana_ecumenical_no_more,
          minmay_temple_entry_butterflies
D:5:      layout_basic, uniq_prince_ribbit1
D:6:      layout_basic, serial_shops, nicolae_square_shop, nicolae_shop_trees,
          shop, nicolae_take_the_stairs
Temple:   nicolae_temple_elliptical

Skill      XL: |  1  2  3  4  5  6 |
---------------+-------------------+-----
Evocations     | 4 5 6 7 |  7.3
Fighting       | |  1.0
Armour         | |  2.0
Dodging        | |  1.0
Stealth        | |  1.0

Action                   |  1- 3 |  4- 6 |  7- 9 || total
-------------------------+-------+-------+-------++-------
Melee: Club              |     9 |       |       ||     9
       Whip              |    52 |    57 |    21 ||   130
 Fire: Shortbow          |       |       |     3 ||     3
Evoke: Wand              |     1 |     4 |       ||     5
  Use: Potion            |       |       |     3 ||     3
Armor: Leather armour    |     8 |       |       ||     8
       Chain mail        |    23 |    54 |     8 ||    85
Dodge: Dodged            |    23 |    41 |    10 ||    74

Table legend: (Time is in decaauts)
 A = Elapsed time spent in this place.
 B = Non-inter-level travel time spent in this place.
 C = Inter-level travel time spent in this place.
 D = Time resting spent in this place.
 E = Time spent auto-exploring this place.
 F = Levels seen in this place.
 G = Mean time per level.
                   A        B        C        D        E       F      G
               +--------+--------+--------+--------+--------+-----+--------+
         Total |   3860 |   3613 |    247 |   1811 |   1322 |   7 |  551.4 |
       Dungeon |   3711 |   3493 |    218 |   1811 |   1220 |   6 |  618.5 |
        Temple |    149 |    120 |     29 |      0 |    102 |   1 |  149.0 |
               +--------+--------+--------+--------+--------+-----+--------+

Top non-repeatable levels by time:
     D:4: 1384 daAuts
     D:5: 988 daAuts
     D:6: 552 daAuts
     D:1: 338 daAuts
     D:2: 241 daAuts
     D:3: 206 daAuts
  Temple: 149 daAuts
